 Dungeon Crawl Stone Soup version 0.20.1-1-g8b1a95d66d (webtiles) character file.

42 NixNut the Skirmisher (level 3, -5/33 HPs)
             Began as a Minotaur Abyssal Knight on Dec 27, 2017.
             Was a Believer of Lugonu.
             Slain by Sigmund
             ... wielding a +0 scythe
              (10 damage)
             ... on level 2 of the Dungeon.
             The game lasted 00:04:04 (884 turns).

NixNut the Skirmisher (Minotaur Abyssal Knight)      Turns: 884, Time: 00:04:04

Health: -5/33      AC:  9    Str: 17    XL:     3   Next: 33%
Magic:  3/3        EV: 13    Int:  9    God:    Lugonu [**....]
Gold:   71         SH:  0    Dex:  9    Spells: 2/2 levels left

rFire    . . .     SeeInvis .   a - +1 hand axe
rCold    . . .     Gourm    .   (no shield)
rNeg     . . .     Faith    .   h - +0 chain mail
rPois    .         Spirit   .   (helmet restricted)
rElec    .         Reflect  .   (no cloak)
rCorr    .         Harm     .   (no gloves)
MR       .....                  (no boots)
Stlth    ..........             (no amulet)
Regen    0.2/turn               p - +6 ring of evasion
MPRegen  0.1/turn               (no ring)

@: no status effects
A: retaliatory headbutt, horns 2
a: Depart the Abyss, Bend Space, Renounce Religion


You were on level 2 of the Dungeon.
You worshipped Lugonu.
Lugonu was pleased with you.
You were not hungry.

You visited 1 branch of the dungeon, and saw 3 of its levels.
You visited the Abyss 1 time.

You collected 71 gold pieces.

Inventory:

Hand Weapons
 a - a +1 hand axe (weapon)
Armour
 b - a +0 leather armour
 h - a +0 chain mail (worn)
Jewellery
 p - a +6 ring of evasion (left hand)
Scrolls
 d - a scroll of fear {unknown}
 e - 4 scrolls of amnesia {unknown}
 f - 2 scrolls of teleportation {unknown}
 g - a scroll of remove curse {unknown}
 j - a scroll of blinking {unknown}
 k - a scroll of identify {unknown}
 l - a scroll of recharging {unknown}
 m - 2 scrolls of immolation {unknown}
 n - a scroll of fog {unknown}
Potions
 o - a potion of heal wounds {unknown}
 q - a potion of lignification {unknown}
Comestibles
 c - 2 bread rations
 i - a royal jelly


   Skills:
 - Level 4.0 Fighting
 + Level 3.5 Axes
 + Level 3.2 Armour
 - Level 1.1 Dodging
 - Level 1.8 Invocations


You had 2 spell levels left.
You didn't know any spells.

Dungeon Overview and Level Annotations

Branches:
Dungeon (3/15)

Altars:

Annotations:
D:2 Sigmund


Innate Abilities, Weirdness & Mutations

You reflexively headbutt those who attack you in melee.
You have a pair of horns on your head.


Message History

You miss something. Something hits you but does no damage.
You miss something. Something hits you but does no damage.
You miss something. You headbutt something. You closely miss something.
You hear some strange, mumbled words.
You are confused.
Something barely misses you. Something hits you.
* * * LOW HITPOINT WARNING * * *
You're too confused to move!
A magic dart appears from out of thin air!
The magic dart hits you!
* * * LOW HITPOINT WARNING * * *
You're too confused to move!
You feel less confused.
A magic dart appears from out of thin air!
The magic dart hits you!
* * * LOW HITPOINT WARNING * * *
Something hits you!
You die...

#.###..## #.#
#.# #....# #.#
#.# #..##.##
#.# #.# #...#
#..###.# #.#
#.## ##..# #.#
# ##.# #.#
#.######.#####
#...........)#
###..@{......#
#..........#
#..........#
#..........#
############


There were no monsters in sight!

Vanquished Creatures
  An ooze (D:2)
  3 worms (D:2)
  2 dart slugs
  4 bats (D:1)
  4 goblins
  3 hobgoblins (D:1)
  3 kobolds
  3 frilled lizards
  2 rats (D:2)
25 creatures vanquished.

Notes
Turn   | Place    | Note
-------+----------+-------------------------------------------
     0 | Abyss:1  | NixNut the Minotaur Abyssal Knight began the quest for the Orb.
     0 | Abyss:1  | Reached XP level 1. HP: 19/19 MP: 1/1
    22 | Abyss:1  | Found a corrupted altar of Lugonu.
    50 | Abyss:1  | Found a corrupted altar of Lugonu.
    64 | D:1      | Escaped the Abyss
   101 | D:1      | Reached skill level 4 in Fighting
   303 | D:1      | Reached XP level 2. HP: 27/27 MP: 2/2
   613 | D:2      | Reached XP level 3. HP: 33/33 MP: 3/3
   643 | D:3      | Reached ** piety under Lugonu
   857 | D:2      | Noticed Sigmund
   884 | D:2      | Slain by Sigmund

Skill      XL: |  1  2  3 |
---------------+----------+-----
Fighting       | 4 |  4.0
Axes           | 3 |  3.5
Armour         | 3 |  3.2
Dodging        | |  1.1
Invocations    | |  1.8

Action                   || total
-------------------------++-------
Melee: Hand axe          ||    57
       Headbutt          ||     7
Armor: Chain mail        ||    30
       Leather armour    ||     1
Dodge: Dodged            ||    28
